 Dungeon Crawl Stone Soup version 0.20-a0-1122-gb7cbeb9 (webtiles) character file.

14672 kite7742 the Protected (level 11, 0/130 HPs)
             Began as a Minotaur Fighter on May 10, 2017.
             Was a High Priest of Hepliaklqana.
             Slain by a yak (3 damage)
             ... on level 3 of the Lair of Beasts.
             The game lasted 01:02:16 (13834 turns).

kite7742 the Protected (Minotaur Fighter)          Turns: 13834, Time: 01:02:19

Health: 0/130      AC: 25    Str: 23 (25) XL:     11   Next: 91%
Magic:  4/4        EV:  2    Int:  2 (5)  God:    Hepliaklqana [*****.]
Gold:   747        SH: 13    Dex: 13 (14) Spells: 10/10 levels left

rFire    . . .     SeeInvis .   r - +3 war axe (antimagic)
rCold    . . .     Gourm    +   c - +0 shield
rNeg     + + +     Faith    .   (armour currently unavailable)
rPois    +         Spirit   .   (helmet currently unavailable)
rElec    .         Reflect  .   (cloak currently unavailable)
rCorr    .         Harm     .   (gloves currently unavailable)
MR       .....     NoTele   +   (boots currently unavailable)
Stlth    ++++......             d - amulet of the gourmand
Regen    0.4/turn               u - ring of stealth
MPRegen  0.1/turn               b - ring of stealth

@: agile, tree-form
A: (retaliatory headbutt), reduced essence
a: Recall Ancestor, Ancestor Identity, Transference, Idealise, Renounce Religion


You were on level 3 of the Lair of Beasts.
You worshipped Hepliaklqana.
Hepliaklqana was extremely pleased with you.
You were very full.
You were a tree.
You visited 2 branches of the dungeon, and saw 12 of its levels.

You collected 747 gold pieces.

Inventory:

Hand Weapons
 r - a +3 antimagic war axe (weapon)
Armour
 c - a +0 shield (worn)
 g - a +0 pair of boots (melded)
 v - a scarf of resistance (melded)
 J - a +0 plate armour (melded)
Jewellery
 b - a ring of stealth (right branch)
 d - an amulet of the gourmand (around neck)
 u - a ring of stealth (left branch)
 O - an uncursed amulet of regeneration {unknown}
Wands
 a - a wand of lightning (4/15)
 s - a wand of acid (5/15)
 D - a wand of acid (2/15)
 H - a wand of flame (10/48)
 K - a wand of paralysis (7/24)
 L - a wand of iceblast (4/15)
Scrolls
 h - 3 scrolls of teleportation
 l - a scroll of silence {unknown}
 m - 3 scrolls of remove curse
 o - 4 scrolls of recharging
 q - 2 scrolls of blinking
 t - a scroll of fear {unknown}
 x - 2 scrolls of random uselessness
 y - a scroll of noise {unknown}
 A - 2 scrolls of fog {unknown}
 B - 3 scrolls of amnesia
 C - 2 scrolls of enchant weapon
 N - a scroll of magic mapping {unknown}
Potions
 i - 10 potions of haste
 k - 5 potions of flight
 n - 2 potions of agility
 w - a potion of curing
 E - a potion of heal wounds {unknown}
 F - a potion of magic {unknown}
 G - 2 potions of might
 I - 3 potions of degeneration
 M - a potion of ambrosia {unknown}
Comestibles
 f - 6 bread rations
 j - 6 royal jellies
 p - 7 meat rations
 z - 31 fruits


   Skills:
 + Level 9.3 Fighting
 * Level 12.0 Axes
 * Level 12.6 Armour
 * Level 12.6 Shields
 + Level 3.2 Invocations


You had 10 spell levels left.
You didn't know any spells.

Dungeon Overview and Level Annotations

Branches:
Dungeon (9/15)             Temple (0/1) D:7            Lair (3/6) D:9
 Spider (0/4) Lair:2
  Swamp: Lair:2-4    Shoals: Lair:2-4       Orc: D:9-12

Altars:
Cheibriados
Fedhas
Gozag
Hepliaklqana
Kikubaaqudgha
Okawaru
Uskayaw
Wu Jian
Xom


Innate Abilities, Weirdness & Mutations

((You reflexively headbutt those who attack you in melee.))
((You have a pair of horns on your head.))
Your life essence is reduced. (-10% HP)


Message History

It was a potion of degeneration.
There was something very wrong with that liquid.
You feel weakened.
You feel dopey.
You feel clumsy. The yak gores you but does no damage.
The eight-headed hydra barely misses you.
You furiously retaliate!
You headbutt the eight-headed hydra!
The eight-headed hydra bites you but does no damage.
You block the eight-headed hydra's attack. x2
The eight-headed hydra bites you but does no damage.
You block the eight-headed hydra's attack.
The eight-headed hydra bites you.
* * * LOW HITPOINT WARNING * * *
The eight-headed hydra barely misses you.
You turn into a tree.
Your scarf of resistance melds into your body.
Your +0 pair of boots melds into your body.
Your +0 plate armour melds into your body.
You feel hot and cold all over.
Your roots penetrate the ground.
The yak gores you.
You die...

##..D...#...# #.
..#.....<..#.. ##..
...#....†......# #...
...#.......P....# #...
#..#...........#.
#...##Y.#...........#
#...P................
#....................
##...♣...........#....
#....DY.........#...
#.#......#......
.......<..# .....
.........$# ....
.##........ ...
#P.......# ..
##......## . .......#


You could see an eight-headed hydra and 2 yaks.

Vanquished Creatures
  Gastronok (Lair:1)
  A hydra (Lair:2)
  Urug (Lair:2)
  2 black mambas
  A spiny frog (Lair:1)
  A komodo dragon (Lair:1)
  A troll (D:8)
  The ghost of dcsswall the Gusty, an amateur GnAE (D:4)
  A hippogriff (Lair:3)
  2 redbacks (Lair:2)
  Sigmund (D:4)
  5 yaks (D:9)
  A basilisk (Lair:1)
  A steam dragon (D:9)
  2 water moccasins
  2 porcupines
  2 hell hounds (D:9)
  An orc warrior (D:9)
  An eye of draining (D:9)
  An ice beast (D:8)
  2 ogres
  2 centaurs
  2 necrophages
  4 crocodiles
  2 big kobolds
  A scorpion (D:7)
  2 killer bees (D:9)
  2 wights (D:7)
  4 crimson imps
  2 bullfrog zombies
  A quasit (D:9)
  3 hounds
  3 jellies
  3 orc priests
  4 orc wizards
  2 iguanas
  2 worker ants
  A hound skeleton (D:9)
  A mummy (D:5)
  A worker ant zombie (D:7)
  5 gnolls
  9 adders
  3 shadow imps
  An ooze (D:5)
  2 adder skeletons
  4 worms
  3 dart slugs
  A leopard gecko (D:6)
  14 orcs
  A ball python (D:3)
  6 bats
  3 giant cockroaches
  4 goblins
  5 hobgoblins
  A jackal (D:6)
  2 quokkas
  6 frilled lizards
  18 kobolds
  4 rats
  5 fungi (Lair:1)
  8 plants
178 creatures vanquished.

Vanquished Creatures (collateral kills)
  A hydra (Lair:1)
  A two-headed ogre (D:9)
  The ghost of Jarlath the Frost Mage, a novice DEIE (D:8)
  Grinder (D:5)
  A polar bear (Lair:2)
  2 hippogriffs
  3 blink frogs (Lair:2)
  3 yaks
  A wyvern (D:9)
  A water moccasin (Lair:1)
  A porcupine (Lair:1)
  A sky beast (D:7)
  An ice beast (D:8)
  A necrophage (D:8)
  3 ogres
  A centaur (D:9)
  2 big kobolds (D:9)
  4 bullfrogs
  3 killer bees (D:9)
  2 wights (D:7)
  5 crimson imps
  2 orc wizards
  3 hounds
  5 orc priests
  A bullfrog skeleton (D:6)
  An iguana (D:8)
  Ijyb (D:5)
  A worker ant (D:6)
  A howler monkey skeleton (D:7)
  3 gnolls (D:7)
  A shadow imp (D:8)
  A worm (D:5)
  A leopard gecko (D:4)
  6 orcs
  A giant cockroach (D:4)
  A jackal (D:6)
  5 kobolds
  2 quokkas
  A jackal skeleton (D:7)
  A bush (Lair:2)
  2 fungi (Lair:1)
  5 plants
84 creatures vanquished.

Vanquished Creatures (others)
  2 battlemagi
2 creatures vanquished.

Grand Total: 264 creatures vanquished

Notes
Turn   | Place    | Note
-------+----------+-------------------------------------------
     0 | D:1      | kite7742 the Minotaur Fighter began the quest for the Orb.
     0 | D:1      | Reached XP level 1. HP: 19/19 MP: 0/0
   239 | D:1      | Reached XP level 2. HP: 26/26 MP: 1/1
   633 | D:2      | Reached XP level 3. HP: 33/33 MP: 2/2
   663 | D:2      | Found an ornate altar of the Wu Jian Council.
   663 | D:2      | Found an ancient bone altar of Kikubaaqudgha.
   855 | D:2      | Reached XP level 4. HP: 40/40 MP: 3/3
  1774 | D:3      | Found a hazy altar of Hepliaklqana.
  1798 | D:3      | Became a worshipper of Hepliaklqana the Forgotten
  2090 | D:3      | Reached XP level 5. HP: 41/42 MP: 1/4
  2326 | D:3      | Reached skill level 5 in Armour
  2483 | D:3      | Reached skill level 5 in Shields
  2696 | D:4      | Noticed Sigmund
  2705 | D:4      | Killed Sigmund
  2705 | D:4      | Reached XP level 6. HP: 48/49 MP: 1/5
  2782 | D:4      | Noticed dcsswall's ghost (amateur GnAE)
  2805 | D:4      | Killed dcsswall's ghost
  2805 | D:4      | Reached skill level 5 in Fighting
  2805 | D:4      | Reached skill level 5 in Axes
  2805 | D:4      | Reached XP level 7. HP: 9/54 MP: 2/6
  3258 | D:4      | Found a sand-covered staircase.
  3420 | D:4      | Found a shimmering altar of Xom.
  3479 | D:4      | Reached * piety under Hepliaklqana
  3488 | D:4      | Found a blossoming altar of Fedhas.
  3662 | D:5      | Entered Level 5 of the Dungeon
  3688 | D:5      | Found an opulent altar of Gozag.
  3716 | D:5      | Noticed Grinder
  3723 | D:5      | Killed Grinder
  3723 | D:5      | Reached XP level 8. HP: 38/62 MP: 2/7
  3896 | D:5      | Found a snail-covered altar of Cheibriados.
  3920 | D:5      | Noticed a hippogriff
  3926 | D:5      | Killed a hippogriff
  3960 | D:5      | Got a polished dagger
  3962 | D:5      | Identified the +4 dagger of the Coin {venom, MR++} (You found it on level 5 of the Dungeon)
  4412 | D:5      | Noticed Ijyb
  4420 | D:5      | Killed Ijyb
  5010 | D:6      | Reached ** piety under Hepliaklqana
  5014 | D:6      | Remembered your ancestor Edward as a battlemage
  6370 | D:7      | Reached XP level 9. HP: 70/70 MP: 2/8
  6901 | D:7      | Reached *** piety under Hepliaklqana
  7006 | D:7      | Found a hide-covered altar of Uskayaw.
  7196 | D:7      | Found a staircase to the Ecumenical Temple.
  8068 | D:8      | Noticed Jarlath's ghost (novice DEIE)
  8077 | D:8      | Noticed a troll
  8078 | D:8      | Killed Jarlath's ghost
  8085 | D:8      | Killed a troll
  8085 | D:8      | Reached skill level 10 in Armour
  8094 | D:8      | Reached XP level 10. HP: 50/77 MP: 0/9
  8809 | D:9      | Found an iron altar of Okawaru.
  8830 | D:9      | Reached skill level 10 in Shields
  9274 | D:9      | Reached **** piety under Hepliaklqana
  9459 | D:9      | Noticed a two-headed ogre
  9466 | D:9      | Killed a two-headed ogre
  9466 | D:9      | Reached skill level 10 in Axes
  9941 | D:9      | Found a staircase to the Lair.
 10749 | D:9      | Got a spiked scale mail
 11137 | Lair:1   | Entered Level 1 of the Lair of Beasts
 11199 | Lair:1   | Noticed a spiny frog
 11207 | Lair:1   | Killed a spiny frog
 11251 | Lair:1   | Noticed Gastronok
 11270 | Lair:1   | Killed Gastronok
 11270 | Lair:1   | Reached skill level 1 in Invocations
 11270 | Lair:1   | Reached XP level 11. HP: 76/85 MP: 3/11
 11632 | Lair:1   | Noticed a four-headed hydra
 11641 | Lair:1   | Killed a four-headed hydra
 12358 | Lair:2   | Noticed a four-headed hydra
 12365 | Lair:2   | Killed a four-headed hydra
 12544 | Lair:2   | Reached ***** piety under Hepliaklqana
 12755 | Lair:2   | Noticed Urug
 12770 | Lair:2   | Killed Urug
 12931 | Lair:2   | Found a hole to the Spider Nest.
 13803 | Lair:3   | Noticed an eight-headed hydra
 13833 | Lair:3   | HP: 2/87 [eight-headed hydra (4)]
 13834 | Lair:3   | Slain by a yak

Vault maps used:
D:1:      evilmike_arrival_crescent
D:2:      grunt_temple_overflow_open, first_bread
D:3:      nicolae_overflow_crystal_walls
D:4:      led_xom_imps, enter_ossuary_1, fedhas_altar_fruit_tree, uniq_sigmund
D:5:      minmay_diamond_boxcup, grunt_gozag_statues, slow_altar_2, uniq_ijyb,
          uniq_grinder
D:7:      eat_drink_and_be_merry_uskayaw, minmay_temple_entry_fiery
D:9:      old_standard_altar, minmay_lair_entry_lava, blue_anna_alchemist
Lair:1:   infiniplex_staircase_pool, uniq_gastronok
Lair:2:   spider_nest_entry_webs, grunt_megastairs_3, uniq_urug
Lair:3:   minmay_guarded_unrand_snakebite, minmay_swamp_entry_worms,
          cheibrodos_lair_lostbears

Skill      XL: |  1  2  3  4  5  6  7  8  9 10 11 |
---------------+----------------------------------+-----
Armour         | 4 5 6 7 8 10 11 12 | 12.6
Shields        | 4 5 6 7 8 9 11 12 | 12.6
Axes           | 3 4 5 6 7 9 11 12 | 12.0
Fighting       | 4 5 6 7 8 9 |  9.3
Invocations    | 1 3 |  3.2

Action                   |  1- 3 |  4- 6 |  7- 9 | 10-12 || total
-------------------------+-------+-------+-------+-------++-------
Melee: War axe           |    60 |    94 |   199 |   295 ||   648
       Headbutt          |    11 |    17 |    33 |    84 ||   145
Invok: Ancestor Identity |       |     2 |       |       ||     2
       Recall Ancestor   |       |       |     2 |       ||     2
       Ancestor Life: Ba |       |       |     1 |       ||     1
Evoke: Wand              |       |       |       |     9 ||     9
  Use: Potion            |     1 |       |     5 |     6 ||    12
       Scroll            |       |     7 |     6 |     5 ||    18
 Stab: Distracted        |       |     1 |     2 |     3 ||     6
  Eat: Chunk             |       |     4 |    27 |    18 ||    49
       Bread ration      |       |     1 |     1 |       ||     2
       Fruit             |       |       |     1 |       ||     1
Armor: Scale mail        |    28 |    33 |    57 |       ||   118
       Skin              |       |       |     8 |       ||     8
       Chain mail        |       |       |     8 |     1 ||     9
       Plate armour      |       |       |       |    90 ||    90
Dodge: Dodged            |    25 |    22 |    44 |    67 ||   158
Block: Shield            |    38 |    45 |   112 |   140 ||   335
